 Dungeon Crawl Stone Soup version 0.21.1-1-g345015f (webtiles) character file.

124 twistedcrescendo the Cudgeler (level 4, -5/42 HPs)
             Began as a Minotaur Berserker on July 1, 2018.
             Was a Believer of Trog.
             Slain by an ogre
             ... wielding a +0 giant club
              (18 damage)
             ... on level 3 of the Dungeon.
             The game lasted 00:07:44 (1787 turns).

twistedcrescendo the Cudgeler (Minotaur Berserker)  Turns: 1787, Time: 00:07:46

Health: -5/42      AC:  6    Str: 21    XL:     4   Next: 81%
Magic:  3/3        EV: 11    Int:  4    God:    Trog [**....]
Gold:   167        SH:  0    Dex: 11    Spells: 3/3 levels left

rFire    + . .     SeeInvis .   a - +0 mace
rCold    . . .     Gourm    .   (no shield)
rNeg     . . .     Faith    .   u - +0 ring mail
rPois    .         Spirit   .   (helmet restricted)
rElec    .         Reflect  .   (no cloak)
rCorr    .         Harm     .   n - +0 pair of gloves
MR       .....                  (no boots)
Stlth    +.........             v - amulet of rage
HPRegen  0.14/turn              j - ring of protection from fire
MPRegen  0.08/turn              (no ring)

@: no status effects
A: retaliatory headbutt, horns 2
a: Berserk, Trog's Hand, Burn Spellbooks, Renounce Religion, Evoke Berserk Rage


You were on level 3 of the Dungeon.
You worshipped Trog.
Trog was pleased with you.
You were not hungry.

You visited 1 branch of the dungeon, and saw 3 of its levels.

You collected 167 gold pieces.

Inventory:

Hand Weapons
 a - a +0 mace (weapon)
Armour
 b - a +0 animal skin
 n - a +0 pair of gloves (worn)
 u - a +0 ring mail (worn)
Jewellery
 j - a ring of protection from fire (left hand)
 v - an amulet of rage (around neck)
Scrolls
 e - a scroll of random uselessness {unknown}
 f - 6 scrolls of remove curse {unknown}
 h - 3 scrolls of teleportation {unknown}
 k - a scroll of blinking {unknown}
 l - 3 scrolls of identify {unknown}
 p - a scroll of amnesia {unknown}
 r - a scroll of enchant weapon {unknown}
Potions
 d - a potion of curing {unknown}
 g - 2 potions of magic {unknown}
 i - 2 potions of heal wounds {unknown}
 o - a potion of lignification {unknown}
 q - a potion of brilliance {unknown}
 s - a potion of invisibility {unknown}
 t - a potion of degeneration {unknown}
Comestibles
 c - 4 rations
 m - 6 chunks of flesh


   Skills:
 + Level 5.4 Fighting
 + Level 5.4 Maces & Flails
 - Level 2.4 Armour
 - Level 2.1 Dodging


You had 3 spell levels left.
You didn't know any spells.

Dungeon Overview and Level Annotations

Branches:
Dungeon (3/15)

Altars:
Ashenzari


Innate Abilities, Weirdness & Mutations

You reflexively headbutt those who attack you in melee.
You have a pair of horns on your head.


Message History

The ogre is severely wounded.
The giant cockroach barely misses you. The ogre hits you with a giant club!
You are too injured to fight recklessly!
You are too injured to fight recklessly!
Unknown command.
You hit the ogre but do no damage.
The ogre is severely wounded.
The giant cockroach closely misses you. You furiously retaliate!
You headbutt the giant cockroach, but do no damage.
The ogre hits you with a giant club!
* * * LOW HITPOINT WARNING * * *
The giant cockroach barely misses you.
You hit the ogre.
The ogre is almost dead.
The giant cockroach completely misses you.
You furiously retaliate!
You headbutt the giant cockroach!
You kill the giant cockroach!
Trog accepts your kill. The ogre hits you with a giant club!!
You die...

#.#.....# #.#........#
#.#.....# #.#........#
#.#.....# #.#........#
#.####### #.#........#
#.# #.#........# #.#
####.##..# #.#
#........###.## #.#
#.......†......
#.#######......@O#
#.....................#
#######..........#....#
#..........# ..$#
#............ .##
#......####..# #
#......# ..# #......#
..# ####+#...


You could see an ogre.

Vanquished Creatures
  A bullfrog skeleton (D:3)
  2 adders
  A worm (D:2)
  2 dart slugs
  A leopard gecko (D:2)
  3 orcs (D:3)
  4 giant cockroaches
  10 hobgoblins
  2 jackals (D:2)
  2 quokkas
  A ball python (D:1)
  8 bats
  3 frilled lizards
  9 goblins
  12 kobolds
  4 rats
65 creatures vanquished.

Notes
Turn   | Place    | Note
-------+----------+-------------------------------------------
     0 | D:1      | twistedcrescendo the Minotaur Berserker began the quest for the Orb.
     0 | D:1      | Reached XP level 1. HP: 19/19 MP: 0/0
    71 | D:1      | Reached XP level 2. HP: 27/27 MP: 1/1
   360 | D:1      | Reached ** piety under Trog
   360 | D:1      | Reached XP level 3. HP: 30/34 MP: 2/2
  1168 | D:2      | Found a shattered altar of Ashenzari.
  1186 | D:2      | Reached XP level 4. HP: 37/41 MP: 3/3
  1577 | D:3      | Reached skill level 5 in Fighting
  1577 | D:3      | Reached skill level 5 in Maces & Flails
  1779 | D:3      | Noticed an ogre
  1787 | D:3      | Slain by an ogre

Skill      XL: |  1  2  3  4 |
---------------+-------------+-----
Fighting       | 4 5 |  5.4
Maces & Flails | 4 5 |  5.4
Armour         | |  2.4
Dodging        | |  2.1

Action                   |  1- 3 |  4- 6 || total
-------------------------+-------+-------++-------
Melee: Mace              |    86 |    36 ||   122
       Headbutt          |    16 |     4 ||    20
  Eat: Chunk             |     1 |     2 ||     3
Armor: Animal skin       |    20 |     1 ||    21
       Ring mail         |       |    21 ||    21
Dodge: Dodged            |    52 |    29 ||    81
